Map: Ruby Rock LE

Players

LiquidMaNa (MaNa) - Winner!

  • Race: Protoss Protoss
  • League: Grandmaster
  • Spawn Location: 11:00

VITRyung (Ryung)

  • Race: Terran Terran
  • League: Grandmaster
  • Spawn Location: 5:00

VOD

Have the link to the VOD?

Description

Time

  • Played on: Jan. 30, 2026, 1:36 p.m.
  • Length: 11:45
Show
View Real Time Build Order
Export as new Build Order

LiquidMaNa Protoss - Winner!

Build Orders: 1 Gate Expand, Blink Stalkers 

Get SALT Encoding   

  12  0:00  Probe  
  13  0:12  Probe  
  14  0:17  Pylon  
  14  0:23  Probe  
  15  0:31  Probe  
  16  0:35  Gateway  
  16  0:39  Probe  
  16  0:45  Assimilator  
  17  0:51  Probe  
  18  1:03  Probe  
  19  1:15  Probe  
  20  1:22  Cybernetics Core  
  20  1:30  Nexus  
  20  1:37  Pylon  
  20  1:41  Probe  
  20  1:47  Stalker  
  21  1:48  Assimilator  
  21  1:53  Probe  
  24  2:05  Probe  
  24  2:07  Adept  
  25  2:12  Warp Gate  
  24  2:17  Probe  
  27  2:28  Stalker  
  27  2:29  Probe  
  28  2:30  Twilight Council  
  28  2:42  Probe  
  28  2:43  Probe  
  32  2:54  Probe  
  32  2:55  Probe  
  34  3:00  Blink  
  36  3:06  Probe  
  36  3:11  Probe  
  36  3:18  Probe  
  37  3:20  Gateway  
  37  3:23  Probe  
  37  3:25  Robotics Facility  
  38  3:30  Probe  
  39  3:36  Probe  
  40  3:42  Probe  
  42  3:48  Probe  
  42  3:57  Probe  
  42  4:00  Probe  
  42  4:02  Stalker  
  46  4:07  Pylon  
  46  4:09  Pylon  
  46  4:24  Shield Battery, Warp Prism  
  46  4:27  Nexus, Stalker  
  46  4:28  Stalker  
  46  4:30  Probe  
  53  4:33  Probe  
  53  4:37  Gateway  
  54  4:42  Probe  
  54  4:45  Probe  
  56  4:47  Pylon  
  56  4:49  Stalker  
  58  4:53  Stalker  
  60  5:00  Probe x2, Assimilator  
  60  5:05  Observer  
  63  5:07  Shield Battery  
  63  5:09  Shield Battery  
  63  5:11  Charge  
  63  5:19  Stalker x2  
  63  5:20  Probe x2  
  69  5:24  Observer  
  70  5:32  Gateway x2  
  70  5:39  Probe x2  
  72  5:48  Probe  
  69  5:50  Stalker x3  
  69  5:51  Probe  
  69  5:53  Probe  
  77  5:58  Observer  
  77  6:00  Probe  
  79  6:08  Observer  
  77  6:15  Stalker x3  
  77  6:17  Probe  
  77  6:18  Probe  
  85  6:22  Probe  
  84  6:30  Probe, Pylon  
  84  6:31  Pylon  
  84  6:32  Pylon  
  85  6:33  Pylon  
  85  6:42  Templar Archives  
  85  6:43  Assimilator  
  85  6:48  Probe  
  85  6:50  Zealot x5  
  85  6:51  Probe  
  85  6:52  Probe  
  98  7:00  Probe  
  97  7:04  Probe x2  
  91  7:10  Psionic Storm  
  91  7:11  Zealot x5  
  91  7:12  Probe  
  100  7:16  Probe  
  100  7:19  Gateway  
  100  7:21  Gateway  
  101  7:24  Gateway  
  101  7:27  Probe  
  102  7:32  High Templar x2  
  106  7:40  Nexus  
  106  7:48  High Templar, Zealot x2  
  106  7:51  Probe x2  
  108  7:53  Pylon  
  108  8:00  Forge, Pylon  
  108  8:01  Gateway  
  108  8:02  Pylon  
  108  8:03  Gateway  
  108  8:06  Immortal  
  112  8:14  Probe x2  
  112  8:19  High Templar  
  116  8:22  Protoss Ground Weapons Level 1  
  116  8:25  Zealot x7  
  129  8:31  Probe x2  
  129  8:32  Probe  
  131  8:49  Immortal  
  113  9:02  High Templar x2  
  95  9:05  Zealot  
  95  9:06  Zealot x5  
  107  9:11  Probe x3  
  107  9:12  Probe  
  110  9:18  Immortal  
  110  9:21  Pylon  
  110  9:26  Zealot x2  
  110  9:27  Zealot x6  
  110  9:28  Nexus  
  130  9:33  Pylon  
  130  9:46  High Templar  
  130  9:47  High Templar, Sentry  
  130  9:48  Stalker, Zealot x6  
  130  9:50  Archon  
  150  9:57  Warp Prism  
  96  10:18  Stalker x7  
  96  10:19  Zealot x3  
  96  10:20  Probe  
  96  10:21  Probe  
  108  10:26  Probe x2  
  106  10:32  Pylon  
  106  10:34  Assimilator  
  106  10:35  Assimilator  
  106  10:38  Immortal  
  106  10:40  High Templar, Zealot x2  
  106  10:41  Zealot x7  
  130  10:45  Probe x2  
  130  10:46  Probe x2  
  134  10:57  Forge  
  134  10:59  Nexus  
  130  11:06  Zealot x6  
  130  11:07  Zealot  
  112  11:13  Zealot x10  
  112  11:14  Probe  
Show
View Real Time Build Order
Export as new Build Order

VITRyung Terran 

Build Orders:  

Get SALT Encoding   

  12  0:00  SCV  
  13  0:12  SCV  
  14  0:17  Supply Depot  
  14  0:25  SCV  
  15  0:38  SCV  
  15  0:40  Barracks  
  15  0:42  Refinery  
  16  0:50  SCV  
  17  1:02  SCV  
  18  1:15  SCV  
  19  1:26  Marine  
  19  1:27  Orbital Command  
  20  1:38  Command Center  
  20  1:44  Barracks Reactor  
  20  1:53  SCV  
  20  2:03  Supply Depot  
  20  2:05  SCV  
  21  2:12  Factory  
  21  2:17  SCV  
  21  2:18  Refinery  
  21  2:20  Marine  
  23  2:24  Marine  
  23  2:29  SCV  
  25  2:38  Marine  
  25  2:41  SCV  
  25  2:42  Marine  
  28  2:54  SCV  
  28  2:56  Factory Tech Lab  
  28  2:57  Starport, Marine  
  30  3:00  Marine  
  30  3:01  Orbital Command  
  31  3:06  SCV  
  31  3:07  Orbital Command  
  32  3:15  Cyclone, Marine  
  32  3:18  SCV  
  37  3:24  Supply Depot  
  37  3:26  Marine  
  35  3:36  Medivac, Marine  
  35  3:37  SCV  
  35  3:39  SCV  
  39  3:43  Marine  
  39  3:50  SCV  
  39  3:51  SCV  
  39  3:54  Marine  
  41  3:58  Factory Tech Lab  
  41  4:01  Barracks, Marine  
  36  4:04  SCV x2  
  37  4:13  Supply Depot  
  37  4:16  Banshee  
  39  4:21  Cloaking Field  
  39  4:24  SCV  
  39  4:25  SCV  
  41  4:34  Siege Tank  
  41  4:35  Marine  
  41  4:37  Marine  
  46  4:40  SCV  
  46  4:41  SCV  
  48  4:52  SCV  
  49  4:53  SCV  
  49  4:55  Marine  
  49  4:56  Marine  
  49  4:59  Banshee  
  55  5:01  Supply Depot  
  55  5:06  Barracks  
  55  5:08  SCV x2  
  55  5:09  Siege Tank  
  55  5:13  Bunker  
  60  5:18  Refinery  
  60  5:20  SCV x2  
  62  5:22  Supply Depot  
  62  5:23  Marine x2  
  62  5:25  Marine  
  65  5:32  SCV x2  
  65  5:34  Refinery  
  67  5:41  Engineering Bay  
  67  5:47  Siege Tank  
  65  5:51  SCV x2  
  65  5:56  Marine  
  65  5:57  Marine  
  68  5:58  Starport Tech Lab, Barracks Tech Lab  
  68  5:59  Starport Reactor  
  68  6:02  Supply Depot  
  69  6:04  SCV x2  
  69  6:09  Marauder  
  72  6:14  Marine x2  
  72  6:16  SCV  
  72  6:17  SCV  
  72  6:21  Combat Shield, Siege Tank  
  72  6:24  Marine  
  73  6:27  Supply Depot  
  73  6:30  Marine  
  74  6:33  Marine x2  
  74  6:34  Supply Depot  
  74  6:36  Terran Infantry Weapons Level 1  
  74  6:38  SCV x2  
  78  6:40  Stimpack  
  78  6:42  Marauder  
  80  6:49  Marauder  
  82  6:55  Command Center  
  82  6:59  Medivac x2  
  82  7:00  Marine x2  
  71  7:08  SCV x2  
  71  7:12  Marauder  
  74  7:19  Bunker  
  74  7:20  SCV x2  
  73  7:23  Marine x2  
  73  7:27  Marauder  
  77  7:32  SCV  
  77  7:33  SCV  
  77  7:40  Marine  
  77  7:41  Marine x2  
  76  7:45  SCV x2  
  76  7:49  Marauder  
  78  7:51  Medivac, Barracks  
  78  7:52  Barracks  
  78  7:55  Medivac  
  82  7:59  Marauder  
  82  8:00  Siege Tank  
  82  8:02  SCV  
  82  8:03  SCV  
  89  8:07  Marine x2  
  89  8:10  Marine  
  92  8:13  Orbital Command  
  92  8:14  Concussive Shells  
  92  8:15  SCV  
  92  8:16  SCV  
  92  8:19  Marine  
  94  8:26  Marine x2  
  97  8:29  SCV  
  97  8:30  SCV, Liberator  
  97  8:31  Liberator  
  97  8:34  Terran Infantry Armor Level 1  
  105  8:45  Marine x2  
  107  8:50  Siege Tank  
  107  8:51  Marauder  
  107  8:55  Marauder  
  100  9:00  SCV x2  
  86  9:06  Marine x2, Orbital Command  
  88  9:13  Marauder, Medivac  
  88  9:14  Medivac, SCV  
  95  9:19  SCV  
  95  9:22  Barracks Tech Lab  
  95  9:24  Barracks Reactor  
  96  9:26  SCV  
  97  9:31  SCV  
  97  9:35  Supply Depot  
  97  9:37  SCV  
  97  9:38  Missile Turret, SCV  
  99  9:44  Siege Tank, SCV  
  108  9:53  Viking x2  
  108  9:58  Armory  
  108  9:59  SCV  
  97  10:11  Marauder x2  
  97  10:12  Marauder, Marine  
  93  10:15  SCV x2  
  91  10:25  SCV  
  91  10:27  SCV  
  91  10:33  Marauder x2, SCV  
  91  10:34  Liberator  
  99  10:36  Liberator  
  99  10:37  SCV  
  99  10:39  SCV  
  99  10:40  Siege Tank  
  107  10:45  Refinery  
  107  10:46  Refinery  
  107  10:47  SCV  
  107  10:49  SCV  
  109  10:51  SCV, Marine x3  
  109  10:53  Marine  
  114  10:59  SCV  
  110  11:05  Marine  
  110  11:06  Marine  
  110  11:08  Marauder  
  110  11:09  Marine x2  
  94  11:13  SCV x3  
  85  11:20  Marine x2  
  85  11:24  Marauder x2  
  88  11:26  SCV  
  88  11:27  SCV  
Tags
 
Add a new tag
Caveats
  • Supply blocks, unpowered buildings, or Contaminate may cause inaccurate times.
  • Supply counts are checked every 10 seconds.